Nobbs, chaotic male elven Wizard ---------------- |..............| |......`......<| |....q@.u......| --.------------- ## Nobbs the Thaumaturge Experience level: 9 Strength: 16 Dexterity: 17 Constitution: 16 Intelligence: 20 Wisdom: 15 Charisma: 7 Health: 0(45) Energy: 55(121) Def: 14 Gold: 796 Moves: 12852 Dungeon seed: 69ec_Kn6BWbh1QNa Game ID: Nobbs_1509448888 Your Inventory: Coins $ - 796 gold pieces Weapons a - a blessed +1 quarterstaff (weapon in hands) Armor e - an uncursed +0 cloak of magic resistance (being worn) r - a blessed greased +3 silver dragon scale mail (being worn) y - an uncursed +0 pair of jumping boots (being worn) z - an uncursed thoroughly rusty +0 helmet (being worn) Comestibles s - 2 uncursed sprigs of wolfsbane Q - an uncursed fortune cookie R - an uncursed lizard corpse Scrolls t - an uncursed scroll of remove curse C - an uncursed scroll of enchant armor J - an uncursed scroll of amnesia Spellbooks T - an uncursed spellbook of magic missile Potions v - an uncursed potion of object detection O - an uncursed potion of see invisible S - a cursed potion of object detection U - an uncursed potion of blindness Rings c - an uncursed +1 ring of protection h - an uncursed ring of warning p - an uncursed ring of poison resistance (on left hand) F - a cursed ring of teleport control L - an uncursed +1 ring of gain strength Z - an uncursed ring of warning Wands j - a wand of digging (0:4) l - a wand of speed monster (0:3) u - a wand of lightning (0:1) x - a wand of striking (0:6) D - a wand of enlightenment (0:15) M - a wand of sleep (0:8) P - a wand of light (0:15) Tools E - an uncursed blindfold G - a +0 unicorn horn I - a +0 unicorn horn N - an uncursed bag of holding V - an uncursed skeleton key Contents of the bag of holding: 1704 gold pieces a blessed +0 boomerang a blessed +0 crossbow 9 +0 shuriken 2 uncursed tripe rations an uncursed scroll of amnesia 2 uncursed scrolls of blank paper a cursed scroll of blank paper a blessed scroll of create monster 2 uncursed scrolls of create monster a cursed scroll of create monster a blessed scroll of earth an uncursed scroll of earth 2 uncursed scrolls of enchant armor a cursed scroll of enchant armor 2 uncursed scrolls of enchant weapon an uncursed scroll of food detection an uncursed scroll of genocide an uncursed scroll of remove curse 3 uncursed scrolls of teleportation an uncursed spellbook of blank paper an uncursed spellbook of cause fear an uncursed spellbook of confuse monster an uncursed spellbook of detect monsters a blessed spellbook of force bolt a blessed spellbook of healing an uncursed spellbook of identify an uncursed potion of booze an uncursed potion of extra healing a blessed potion of gain energy 2 uncursed potions of gain energy an uncursed potion of gain level an uncursed potion of healing a potion of holy water an uncursed potion of object detection 2 uncursed potions of oil an uncursed potion of paralysis an uncursed potion of restore ability an uncursed potion of see invisible a blessed potion of sleeping an uncursed potion of sleeping an uncursed ring of polymorph control a cursed ring of polymorph control a wand of cold (0:6) a wand of digging (0:2) a wand of light (0:11) a wand of opening (0:7) a magic marker (0:89) a magic marker (0:27) a blessed oil lamp (0:1258) a +0 pick-axe Spells and supernatural/magical abilities: Name Level Category Fail Memory a - force bolt 1 attack 0% 36% c - cause fear 3 enchantment 0% 63% f - fireball 4 attack 0% 73% h - healing 1 healing 0% 95% l - light 1 divination 0% 73% n - detect monsters 1 divination 0% 38% u - confuse monster 2 enchantment 0% 36% z - sleep 1 enchantment 0% 73% I - identify 3 divination 0% 74% S - stone to flesh 3 healing 69% 73% W - pray for help -- divine ? -- Y - supernatural jump -- ability ? -- Your skills at the end: Fighting Skills Weapon Skills quarterstaff [Basic] Spellcasting Skills attack spells [Expert] divination spells [Basic] enchantment spells [Basic] Final Attributes: You were piously aligned. You were fire resistant. You were sleep resistant. You were poison resistant. You were magic-protected. You were telepathic. You had infravision. You could jump. You were fast. You had reflection. You are dead. Vanquished creatures: a large mimic a couatl 2 stalkers a giant zombie 2 small mimics a warhorse a leocrotta a wraith 3 giant beetles 3 quivering blobs 3 wolves a winter wolf cub a lynx a leprechaun a mumak 2 giant spiders 4 vampire bats 4 gnome kings 3 orc mummies a rust monster 3 yetis 2 lizards a chickatrice a dog 2 jaguars a dwarf lord a blue jelly a white unicorn 2 gray unicorns 3 dust vortices a raven a plains centaur an ape a soldier ant 4 fire ants 2 bugbears a wood nymph 3 water nymphs a mountain nymph 12 Mordor orcs 2 orc shamans 3 rock piercers a rock mole 4 fog clouds 2 yellow lights 2 shriekers a violet fungus 7 gnome lords 6 gnomish wizards a kobold mummy a black naga hatchling a golden naga hatchling a gray ooze 2 barrow wights a ghoul 2 straw golems a paper golem a baby crocodile 8 giant ants 6 floating eyes a kitten 11 dwarves a homunculus 3 kobold shamans 12 hill orcs a rothe a centipede 3 giant bats 2 orc zombies 6 iguanas 9 killer bees 2 coyotes a gas spore a hobbit a manes 4 large kobolds a hobgoblin a giant rat 11 cave spiders 3 brown molds 4 green molds a red mold 33 gnomes 11 garter snakes 2 gnome zombies 6 geckos 7 jackals a fox 2 kobolds 5 goblins 3 sewer rats 2 grid bugs 4 bats 8 lichens a kobold zombie 10 newts 309 creatures vanquished. Voluntary challenges: You had been an atheist until turn 2123. You used a wielded weapon 497 times, starting on turn 60. You read items or engraved 60 times, starting on turn 192. You never genocided any monsters. You never polymorphed an object. You never changed form. You used 1 wish, starting on turn 2287. You did not wish for any artifacts. You never split a pudding. You wrote Elbereth's name 13 times, starting on turn 195. You violated your moral code, losing 5 points of alignment, starting on turn 11777. Dungeon overview: The Dungeons of Doom: levels 1 to 13 Level 1 a long staircase Level 2 an armor shop, some fountains Level 3 a general store, some fountains stairs to The Gnomish Mines Level 4 a fountain Level 5 many fountains Level 6 some fountains stairs to Sokoban Level 7 Level 8 some fountains Level 9 an altar to Anhur Level 10 an armor shop Level 11 a fountain a magic portal Level 12 Level 13 <- You were here a fountain The Gnomish Mines: levels 4 to 8 Level 4 stairs to The Dungeons of Doom Level 5 Level 6 Level 7 many shops, a temple to Ptah, some fountains Level 8 Sokoban: levels 2 to 5 Level 2 Level 3 Level 4 Level 5 stairs to The Dungeons of Doom History has recorded: On T:1 you entered the Dungeons of Doom to retrieve the Amulet of Yendor! On T:282 you reached level 2 of The Dungeons of Doom. On T:377 you reached level 3 of The Dungeons of Doom. On T:510 you advanced to experience level 2. On T:680 you reached level 1 of The Gnomish Mines. On T:814 you advanced to experience level 3. On T:1143 you reached level 2 of The Gnomish Mines. On T:1160 you advanced to experience level 4. On T:1414 you reached level 3 of The Gnomish Mines. On T:1427 you advanced to experience level 5. On T:1860 you advanced to experience level 6. On T:2027 you reached level 4 of The Gnomish Mines. On T:2287 you wished for "a blessed fixed greased +3 silver dragon scale mail". On T:2998 you advanced to experience level 7. On T:3297 you reached level 4 of The Dungeons of Doom. On T:3549 you reached level 5 of The Dungeons of Doom. On T:3710 you reached level 6 of The Dungeons of Doom. On T:3719 you reached level 4 of Sokoban. On T:4231 you reached level 3 of Sokoban. On T:4816 you reached level 2 of Sokoban. On T:5220 you reached level 1 of Sokoban. On T:5736 you advanced to experience level 8. On T:7835 you reached level 5 of The Gnomish Mines. On T:9841 you reached level 7 of The Dungeons of Doom. On T:10176 you reached level 8 of The Dungeons of Doom. On T:10518 you reached level 9 of The Dungeons of Doom. On T:10713 you reached level 10 of The Dungeons of Doom. On T:10755 you advanced to experience level 9. On T:11159 you reached level 11 of The Dungeons of Doom. On T:11310 you reached level 12 of The Dungeons of Doom. On T:12458 you reached level 13 of The Dungeons of Doom. Score breakdown: Gold: 2500 (11559 points) Experience: 9 levels (15756 points) Exploration: 13 levels ( 26.53%) (15000 points) Discoveries: 49 items ( 17.69%) (12617 points) Valuables value: (no points given unless you survive) Artifact value: 0 ( 0 points) Variety of kills: 96 monsters ( 25.20%) (15058 points) Turncount: 12852 turns (-2749 points) Survival: died (score multiplied by 80%) Total score: 53792 Latest messages: You have a little trouble removing g - a candy bar. This candy bar is delicious! You don't feel so weak now. You finish eating the candy bar. The leocrotta misses. The leocrotta just misses! The leocrotta hits! You hit the leocrotta! The leocrotta hits! The leocrotta bites! The leocrotta hits! The leocrotta misses. The leocrotta bites! The leocrotta hits! You miss the leocrotta. The leocrotta hits! The leocrotta bites! The leocrotta hits! (2x) The leocrotta misses. (4x) The leocrotta hits! You die... Final status: Goodbye Nobbs the Wizard, killed by a leocrotta... You died in The Dungeons of Doom on dungeon level 13 with 53792 points, and 2500 pieces of gold, after 12852 moves. You were level 9 with a maximum of 45 hit points when you died.